 Dungeon Crawl Stone Soup version 0.19.0-2-gae57169 (webtiles) character file.

57 MovingMist the Distorting Demonspawn (level 3, -5/29 HPs)
             Began as a Demonspawn Abyssal Knight on Nov 5, 2016.
             Was a Believer of Lugonu.
             Killed by divine providence
             ... invoked by an orc priest
              (10 damage)
             ... on level 3 of the Dungeon.
             The game lasted 00:04:21 (1346 turns).

MovingMist the Distorting Demonspawn (DsAK)         Turns: 1346, Time: 00:04:22

Health: -5/29      AC: 10    Str: 12    XL:     3   Next: 73%
Magic:  0/5        EV:  5    Int: 13    God:    Lugonu [**....]
Gold:   58         SH:  0    Dex: 13    Spells: 0 memorised, 2 levels left

rFire  . . .     SeeInvis .     a - +1 spear
rCold  . . .     Gourm    .     k - +0 chain mail
rNeg   . . .     Faith    .     (no shield)
rPois  .         Spirit   +     (no helmet)
rElec  .         Reflect  .     g - +1 cloak
rCorr  .         Harm     .     (no gloves)
MR     .....                    (no boots)
Stlth  ..........               (no amulet)
                                (no ring)
                                (no ring)

@: no status effects
A: talons 1, magic shield
a: Depart the Abyss, Bend Space, Renounce Religion


You were on level 3 of the Dungeon.
You worshipped Lugonu.
Lugonu was pleased with you.
You were hungry.

You visited 1 branch of the dungeon, and saw 3 of its levels.
You visited the Abyss 1 time.

You collected 58 gold pieces.

Inventory:

Hand Weapons
 a - a +1 spear (weapon)
Armour
 g - a +1 cloak (worn)
 k - a +0 chain mail (worn)
Scrolls
 j - a scroll of blinking
Potions
 e - a potion of agility
 f - a potion of curing {unknown}
 h - a potion of degeneration {unknown}
 i - a potion of haste {unknown}
Comestibles
 c - 3 bread rations
 d - 7 chunks of flesh


   Skills:
 + Level 3.3 Fighting
 + Level 2.1 Polearms
 + Level 2.1 Armour
 + Level 1.5 Dodging
 * Level 3.7 Invocations


You had 2 spell levels left.
You didn't know any spells.

Dungeon Overview and Level Annotations

Branches:
Dungeon (3/15)

Altars:


Innate Abilities, Weirdness & Mutations

You have sharp toenails.
When hurt, damage is shared between your health and your magic reserves.


Message History

The orc priest shouts!
The orc shouts!
You see here 2 chunks of flesh.
You see here a frilled lizard corpse.
You butcher the frilled lizard corpse.
You see here a chunk of flesh.
d - 5 chunks of flesh (gained 1)
The orc wizard points at you and mumbles some strange words.
You resist with significant effort.
An orc comes into view. It is wielding a whip.
The orc shouts!
The orc priest mumbles some strange prayers to Beogh against you.
Beogh smites you!
You see here 2 chunks of flesh.
d - 7 chunks of flesh (gained 2)
The orc priest invokes the aid of Beogh against you.
Beogh smites you!
* * * LOW HITPOINT WARNING * * *
The orc priest mumbles some strange prayers to Beogh against you.
Beogh smites you!
You die...

.o ..# o# ..#
.. #.# #. #.#
#o. #.# #.###.#
#>o.#<#
#######...#
......(@..#
..........#
........<....
.............#
##.######.(...#
... #.##..# .#
#.# ..# #.. ..


You could see an orc priest, an orc wizard and an orc.

Vanquished Creatures
  A worm (D:3)
  A dart slug (D:1)
  2 leopard geckos (D:1)
  8 bats
  8 giant cockroaches
  7 goblins
  5 hobgoblins
  3 kobolds
  A quokka (D:2)
  6 frilled lizards
  2 rats (D:1)
44 creatures vanquished.

Notes
Turn   | Place    | Note
-------+----------+-------------------------------------------
     0 | Abyss:1  | MovingMist the Demonspawn Abyssal Knight began the quest for the Orb.
     0 | Abyss:1  | Reached XP level 1. HP: 18/18 MP: 2/2
    18 | D:1      | Escaped the Abyss
    50 | D:1      | Reached skill level 1 in Dodging
   193 | D:1      | Gained mutation: You have sharp toenails. [demonic ancestry]
   193 | D:1      | Reached XP level 2. HP: 20/24 MP: 3/3
   532 | D:1      | Reached ** piety under Lugonu
   682 | D:1      | Gained mutation: When hurt, damage is shared between your health and your magic reserves. [demonic ancestry]
   682 | D:1      | Reached XP level 3. HP: 29/29 MP: 5/5
  1346 | D:3      | Killed from afar by an orc priest

Skill      XL: |  1  2 |
---------------+-------+-----
Dodging        | 1 |  1.5
Armour         | 2 |  2.1
Polearms       | 2 |  2.1
Invocations    | 3 |  3.7
Fighting       | |  3.3

Action                   || total
-------------------------++-------
Melee: Spear             ||   138
       Kick              ||    30
  Use: Scroll            ||     6
  Eat: Chunk             ||     1
Armor: Leather armour    ||    27
       Chain mail        ||    18
Dodge: Dodged            ||    58
